 Dungeon Crawl Stone Soup version 0.25.0-9-g26727b657a (webtiles) character file.

Game seed: 10043174340730465787

1866 mortelune the Cleaver (level 8, -1/76 HPs)
             Began as a Deep Dwarf Fighter on June 21, 2020.
             Was a Follower of Makhleb.
             Slain by an ogre
             ... wielding a +0 giant club
              (23 damage)
             ... on level 7 of the Dungeon.
             The game lasted 00:17:22 (5721 turns).

mortelune the Cleaver (Deep Dwarf Fighter)          Turns: 5721, Time: 00:17:23

Health: -1/76      AC: 16    Str: 23    XL:     8   Next: 90%
Magic:  7/7        EV:  4    Int:  8    God:    Makhleb [*.....]
Gold:   451        SH: 10    Dex: 14    Spells: 7/7 levels left

rFire    + + .     SeeInvis .   a - +1 war axe
rCold    . . .     Gourm    .   c - +0 kite shield
rNeg     + + .     Faith    .   u - +0 plate armour
rPois    .         Spirit   .   v - +0 helmet
rElec    .         Reflect  .   x - +1 cloak
rCorr    .         Harm     .   (no gloves)
MR       +....                  (no boots)
Stlth    ..........             z - amulet of Uxze {Acrobat rN++}
HPRegen  0.00/turn              F - ring of protection from fire
MPRegen  0.10/turn              (no ring)

@: non-regenerating, studying Air Magic
A: damage resistance, heal wounds, agile 1, fire resistance 1, high mp 1, sense
surroundings 1, screaming 1, no regeneration
a: Heal Wounds, Renounce Religion


You were on level 7 of the Dungeon.
You worshipped Makhleb.
Makhleb was aware of your devotion.
You were not hungry.

You visited 2 branches of the dungeon, and saw 8 of its levels.
You also visited: Ossuary.

You collected 451 gold pieces.

Inventory:

Hand Weapons
 a - a +1 war axe (weapon)
 b - a +0 hunting sling
 i - a +0 hunting sling
 B - a +0 battleaxe
Missiles
 g - 7 boomerangs (quivered)
 n - 24 sling bullets
 Q - 170 stones
Armour
 c - a +0 kite shield (worn)
 m - a +0 scale mail
 s - a +0 chain mail
 u - a +0 plate armour (worn)
 v - a +0 helmet (worn)
 x - a +1 cloak (worn)
 J - a +1 leather armour of cold resistance
Jewellery
 z - the amulet of Uxze (around neck) {Acrobat rN++}
   (You acquired it in an ossuary)

   [amulet of the acrobat]

   It helps you evade while moving and waiting.
   It greatly protects you from negative energy.
 F - a ring of protection from fire (left hand)
Wands
 h - a wand of random effects (20)
 j - a wand of enslavement (10)
Scrolls
 e - 4 scrolls of remove curse
 k - 2 scrolls of magic mapping
 o - 3 scrolls of identify {unknown}
 r - a scroll of enchant armour
 t - 6 scrolls of teleportation
 y - a scroll of amnesia
 H - a scroll of enchant weapon
 I - a scroll of holy word
Potions
 d - a potion of might
 l - 2 potions of magic
 q - 2 potions of mutation
 w - a potion of brilliance
 A - a potion of degeneration {unknown}
 C - a potion of invisibility
 D - 2 potions of curing
 E - 2 potions of resistance {unknown}
 G - a potion of ambrosia
Books
 p - a manual of Air Magic
Comestibles
 f - 12 rations
 K - 5 chunks of flesh


   Skills:
 + Level 5.9 Fighting
 * Level 9.2 Axes
 + Level 7.1 Armour
 - Level 3.2 Shields


You had 7 spell levels left.
You didn't know any spells.
Your spell library was empty.

Dungeon Overview and Level Annotations

Branches:
Dungeon (7/15)             Temple (1/1) D:5         Ossuary (visited)

Altars:
Ashenzari
Dithmenos
Elyvilon
Fedhas
Gozag
Hepliaklqana
Kikubaaqudgha
Makhleb
Nemelex Xobeh
Okawaru
Qazlal
Sif Muna
Uskayaw
Vehumet
Wu Jian
Xom
Yredelemnul
Zin
The Shining One

Shops:
D:4 =

Annotations:
D:3 1 runed translucent door, Skimidon's ghost, amateur GrMo
D:6 pasfini


Innate Abilities, Weirdness & Mutations

You are resistant to damage.
You can heal yourself by infusing magical energy.
You passively map a small area around you.
You do not regenerate.
You are agile. (Dex +2)
Your flesh is heat resistant. (rF+)
You have an increased reservoir of magic. (+10% MP)
You occasionally shout uncontrollably at your foes.


Message History

You butcher the orc corpse.
K - 5 chunks of flesh (gained 2)
Items here: )) [[ รทรท x2
Things that are here:
a +0 war axe; a +0 scale mail An ogre comes into view.
It is wielding a +0 giant club.
The ogre shouts!
Your shield and plate armour prevent you from hitting the ogre.
The ogre hits you with a +0 giant club!!
* * * LOW HITPOINT WARNING * * *
You hit the ogre.
The ogre is moderately wounded.
The ogre hits you but does no damage.
You hit the ogre but do no damage.
The ogre is moderately wounded.
You block the ogre's attack.
You slash the ogre!
The ogre is heavily wounded.
The ogre hits you with a +0 giant club!!
You die...

, .. ### , ###.
..#######*##...# .#..(#
#........ ...... , ,
......# #...............
, .......
#..........##.##
.......###..........##.##
,
.........................
* #......O.#..#
#.##....... , ,
.......#@...###.##.###.#.
.......###...##.##.# #.##
, .......*
##...#.#..###.## .......
##........##[## .....#.*
##.....#.##)## ..##...
#...###...... .. .#..
#...#.# #...... *
#.###.#...#.... * ,...
...........


You could see an ogre.

Vanquished Creatures
  Menkaure (D:5)
  An orc warrior (D:6)
  5 ogres
  A phantom (D:5)
  4 elf zombies (Ossuary)
  A crimson imp (D:5)
  2 bullfrog zombies (D:6)
  A hound (D:7)
  A bullfrog skeleton (D:5)
  A centaur zombie (D:6)
  An orc priest (D:6)
  An iguana (D:4)
  A jelly (D:6)
  A gnoll shaman (D:4)
  Natasha (thrice) (D:2)
  2 worker ants
  3 orc wizards
  2 hound zombies
  2 hound skeletons (D:5)
  3 mummies (Ossuary)
  Robin (D:4)
  A worker ant zombie (D:4)
  4 gnolls
  8 adders
  2 oozes
  An adder zombie (Ossuary)
  2 adder skeletons
  A worm (D:3)
  3 dart slugs
  6 leopard geckos
  9 orcs
  5 bats
  2 giant cockroaches
  9 hobgoblins
  3 jackals (D:5)
  5 kobolds
  5 quokkas
  6 frilled lizards
  A gnoll zombie (Ossuary)
  24 goblins
  A goblin zombie (Ossuary)
  A hobgoblin zombie (Ossuary)
  2 jackal zombies (Ossuary)
  A kobold zombie (Ossuary)
  8 rats
148 creatures vanquished.

Notes
Turn   | Place    | Note
-------+----------+-------------------------------------------
     0 | D:1      | mortelune the Deep Dwarf Fighter began the quest for the
                  | Orb.
     0 | D:1      | Reached XP level 1. HP: 20/20 MP: 1/1
   160 | D:1      | Reached XP level 2. HP: 27/27 MP: 2/2
   418 | D:1      | You fall into a shaft and drop 1 floor!
   440 | D:2      | Reached skill level 3 in Axes
   653 | D:1      | Reached XP level 3. HP: 26/34 MP: 3/3
   833 | D:2      | Noticed Natasha
   838 | D:2      | Killed Natasha
   893 | D:2      | Reached XP level 4. HP: 32/42 MP: 4/4
  1013 | D:2      | Noticed Natasha
  1019 | D:2      | Killed Natasha
  1019 | D:2      | Reached skill level 4 in Axes
  1105 | D:2      | You fall into a shaft and drop 1 floor!
  1387 | D:2      | Noticed Natasha
  1397 | D:2      | Killed Natasha
  1397 | D:2      | Reached XP level 5. HP: 26/49 MP: 5/5
  2369 | D:3      | Found a runed translucent door.
  2377 | D:3      | Noticed Skimidon's ghost (amateur GrMo)
  2526 | D:3      | Reached skill level 5 in Axes
  2634 | D:4      | Noticed an ogre
  2649 | D:4      | Killed an ogre
  2649 | D:4      | Reached XP level 6. HP: 27/57 MP: 6/6
  2689 | D:4      | Gained mutation: You are agile. (Dex +2) [potion of
                  | mutation]
  2689 | D:4      | Gained mutation: You have an increased reservoir of magic.
                  | (+10% MP) [potion of mutation]
  2689 | D:4      | Gained mutation: You occasionally shout uncontrollably at
                  | your foes. [potion of mutation]
  2689 | D:4      | Gained mutation: Your flesh is heat resistant. (rF+)
                  | [potion of mutation]
  2981 | D:4      | Noticed Robin
  3085 | D:4      | Killed Robin
  3086 | D:4      | Reached skill level 5 in Armour
  3138 | D:4      | Found Loge's Jewellery Emporium.
  3216 | D:4      | Reached skill level 6 in Axes
  3216 | D:4      | Reached XP level 7. HP: 17/64 MP: 7/7
  3887 | D:5      | Entered Level 5 of the Dungeon
  3932 | D:5      | Found a hazy altar of Hepliaklqana.
  4049 | D:5      | Noticed Menkaure
  4060 | D:5      | Killed Menkaure
  4060 | D:5      | Reached skill level 7 in Axes
  4405 | D:5      | Reached XP level 8. HP: 44/73 MP: 8/8
  4412 | D:5      | Found a shattered altar of Ashenzari.
  4438 | D:5      | Found a staircase to the Ecumenical Temple.
  4447 | Temple   | Entered the Ecumenical Temple
  4673 | Temple   | Became a worshipper of Makhleb the Destroyer
  4717 | D:5      | Reached skill level 5 in Fighting
  4799 | D:5      | Found a radiant altar of Vehumet.
  4825 | D:5      | Found a shadowy altar of Dithmenos.
  5090 | D:6      | Reached skill level 8 in Axes
  5153 | D:6      | Found a sand-covered staircase.
  5158 | Ossuary  | Entered an ossuary
  5159 | Ossuary  | Identified a scroll of acquirement
  5160 | Ossuary  | Got the amulet of Uxze {Acrobat rN++}
  5441 | D:6      | Reached * piety under Makhleb
  5450 | D:6      | Reached skill level 9 in Axes
  5507 | D:6      | Found a sparkling altar of Nemelex Xobeh.
  5721 | D:7      | Slain by an ogre

Illustrated notes

Levels and vault maps discovered:
D:1:      heliophobic_arrival_ceremonial_halls, layout_basic
D:2:      layout_basic, first_ration, uniq_natasha
D:3:      layout_basic, ebering_ghost_sewer_d
D:4:      layout_basic, serial_shops, nicolae_shop_crystal, minmay_manual_mail,
          uniq_robin
D:5:      layout_loops_ring, nicolae_overflow_quartered_altars,
          temple_fountains, uniq_menkaure
D:6:      layout_rooms, nemelex_altar_shiori,
          nicolae_ossuary_entry_false_entrances, nicolae_lava_and_water,
          chequers_serial_rivers_large_a
D:7:      layout_rooms, serial_shops, shop
Temple:   minmay_temple_curvy_branch

Skill      XL: |  1  2  3  4  5  6  7  8 |
---------------+-------------------------+-----
Axes           | 3 4 5 6 7 9 |  9.2
Fighting       | 3 4 5 |  5.9
Armour         | 4 5 6 7 |  7.1
Shields        | |  3.2

Action                   |  1- 3 |  4- 6 |  7- 9 || total
-------------------------+-------+-------+-------++-------
Melee: War axe           |    90 |   146 |   264 ||   500
 Fire: Hunting sling     |       |    58 |    13 ||    71
 Abil: Heal Wounds       |       |     2 |     5 ||     7
Evoke: Wand              |       |     2 |     8 ||    10
  Use: Scroll            |       |     6 |     6 ||    12
       Potion            |       |     6 |     5 ||    11
 Stab: Paralysed         |       |       |     4 ||     4
  Eat: Chunk             |       |     8 |     6 ||    14
       Ration            |       |       |     1 ||     1
Armor: Scale mail        |    31 |    30 |       ||    61
       Chain mail        |       |    34 |    58 ||    92
       Plate armour      |       |       |    85 ||    85
Dodge: Dodged            |    23 |    39 |    41 ||   103
Block: Kite shield       |    45 |    73 |   123 ||   241
